 Dungeon Crawl Stone Soup version 0.25.1-2-g60ff931df9 (webtiles) character file.

Game seed: 13480494543121306714

194 pokeman the Magician (level 5, -3/29 HPs)
             Began as a Deep Elf Wizard on Nov 15, 2020.
             Killed by divine providence
             ... invoked by an orc priest
              (15 damage)
             ... on level 3 of the Dungeon.
             The game lasted 00:03:43 (3293 turns).

pokeman the Magician (Deep Elf Wizard)              Turns: 3293, Time: 00:03:45

Health: -3/29      AC:  3    Str:  4    XL:     5   Next: 44%
Magic:  9/15       EV: 12    Int: 24    God:
Gold:   184        SH:  0    Dex: 13    Spells: 5/16 levels left

rFire    . . .     SeeInvis .   (no weapon)
rCold    . . .     Gourm    .   (no shield)
rNeg     . . .     Faith    .   f - +0 leather armour
rPois    .         Spirit   .   b - +0 hat
rElec    .         Reflect  .   (no cloak)
rCorr    .         Harm     .   (no gloves)
MR       .....                  (no boots)
Stlth    ++........             (no amulet)
HPRegen  0.09/turn              (no ring)
MPRegen  0.14/turn              (no ring)

@: very slightly contaminated
A: no striking features
a: no special abilities


You were on level 3 of the Dungeon.
You were hungry.

You visited 1 branch of the dungeon, and saw 3 of its levels.

You collected 184 gold pieces.

Inventory:

Missiles
 j - 27 arrows
Armour
 b - a +0 hat (worn)
 f - a +0 leather armour (worn)
Scrolls
 a - a scroll of blinking {unknown}
 g - a scroll of enchant armour {unknown}
 h - 2 scrolls of remove curse {unknown}
 i - 2 scrolls of identify {unknown}
Potions
 c - 2 potions of degeneration {unknown}
 e - 3 potions of heal wounds {unknown}
Comestibles
 d - 6 rations


   Skills:
 - Level 1.0 Fighting
 - Level 1.1 Armour
 - Level 3.0 Dodging
 - Level 2.4 Stealth
 * Level 6.2 Spellcasting
 + Level 2.8 Conjurations
 - Level 1.1 Summonings
 - Level 1.1 Translocations
 - Level 1.0 Fire Magic
 + Level 0.7 Air Magic
 + Level 0.5 Poison Magic


You had 5 spell levels left.
You knew the following spells:

 Your Spells              Type           Power        Failure   Level  Hunger
a - Magic Dart            Conj           ###.         4%          1    None
b - Mephitic Cloud        Conj/Pois/Air  ##......     22%         3    None
c - Call Imp              Summ           ##......     13%         2    None
d - Blink                 Tloc           N/A          13%         2    None
e - Conjure Flame         Conj/Fire      ###.....     19%         3    None

Your spell library contained the following spells:

 Spells                   Type           Power        Failure   Level  Hunger
 Slow                     Hex            #.......     21%         2    None


Dungeon Overview and Level Annotations

Branches:
Dungeon (3/15)

Altars:
Qazlal


Message History

Aim: an orc, wielding a +0 trident (severely wounded)
The magic dart hits the orc.
You kill the orc!
You start resting.
You are feeling hungry.
You start resting.
The orc priest is too close now for your liking.
Casting: Magic Dart (safe; 4% risk of failure)
Confirm with . or Enter, or press ? or * to list all spells.
Aiming: Magic Dart (safe; 4% risk of failure)
Press: ? - help, Shift-Dir - straight line, f - orc priest
Aim: an orc priest, wielding a +0 trident and wearing a +0 chain mail (heavily wounded, wandering, hasn't noticed you)
You miscast Magic Dart.
You are very lightly contaminated with residual magic.
Nothing appears to happen.
The orc priest shouts!
The orc priest invokes the aid of Beogh against you.
Beogh smites you!
Ouch! That really hurt!
You die...

### ### ### #.# #.# #.#
#.############.####.#
###.......@...........#
#######...#.##########o.....#####
#......รท...........).............
#..............###...........####
#..####.#.#.#### #...........##..
#..# #.#.#.# #...........(... #..#
#.#.#.# #...............
#..####.....## .......###.##....
.......................# #.##....


You could see an orc priest.

Vanquished Creatures
  A crimson imp (D:2)
  A hound (D:2)
  Jessica (D:2)
  6 adders
  A dart slug (D:1)
  2 orcs (D:3)
  4 bats
  2 giant cockroaches
  2 goblins
  12 hobgoblins
  3 jackals (D:2)
  A quokka (D:3)
  A ball python (D:3)
  A frilled lizard (D:1)
  5 kobolds
  5 rats
48 creatures vanquished.

Notes
Turn   | Place    | Note
-------+----------+-------------------------------------------
     0 | D:1      | pokeman the Deep Elf Wizard began the quest for the Orb.
     0 | D:1      | Reached XP level 1. HP: 10/10 MP: 7/7
   390 | D:1      | Reached XP level 2. HP: 16/16 MP: 5/9
   909 | D:2      | Reached skill level 5 in Spellcasting
   943 | D:2      | Reached XP level 3. HP: 20/20 MP: 5/11
   948 | D:2      | Learned a level 3 spell: Mephitic Cloud
   951 | D:2      | Learned a level 2 spell: Call Imp
   954 | D:2      | Learned a level 2 spell: Blink
   958 | D:2      | Learned a level 3 spell: Conjure Flame
  1512 | D:2      | Reached skill level 1 in Fighting
  1645 | D:2      | Reached skill level 1 in Armour
  1645 | D:2      | Reached XP level 4. HP: 21/25 MP: 4/13
  2449 | D:2      | Found a stormy altar of Qazlal.
  2490 | D:2      | Noticed Jessica
  2493 | D:2      | Killed Jessica
  2493 | D:2      | Reached skill level 6 in Spellcasting
  2493 | D:2      | Reached skill level 1 in Fire Magic
  2493 | D:2      | Reached XP level 5. HP: 29/29 MP: 10/15
  3293 | D:3      | Killed from afar by an orc priest

Illustrated notes

Levels and vault maps discovered:
D:1:      dpeg_arrival_castle, layout_rooms
D:2:      layout_loops_corners, grunt_qazlal_clouds, uniq_jessica
D:3:      minmay_octagon_keep, layout_basic, eat_drink_and_be_merry_uskayaw,
          chequers_ecumenical_altar_twisty

Skill      XL: |  1  2  3  4 |
---------------+-------------+-----
Spellcasting   | 5 6 |  6.2
Fighting       | 1 |  1.0
Armour         | 1 |  1.1
Conjurations   | 2 |  2.8
Dodging        | 3 |  3.0
Fire Magic     | 1 |  1.0
Stealth        | |  2.4
Summonings     | |  1.1
Translocations | |  1.1
Air Magic      | |  0.7
Poison Magic   | |  0.5

Action                   |  1- 3 |  4- 6 || total
-------------------------+-------+-------++-------
Melee: Unarmed           |       |     9 ||     9
 Cast: Magic Dart        |    84 |    76 ||   160
       Mephitic Cloud    |       |     2 ||     2
 Stab: Confused          |       |     2 ||     2
  Eat: Chunk             |     2 |     1 ||     3
       Ration            |       |     1 ||     1
Armor: Leather armour    |     2 |     6 ||     8
Dodge: Dodged            |     9 |    22 ||    31
